 Dungeon Crawl Stone Soup version 0.27-a0-1579-g97d2440184 (webtiles) character file.

Game seed: 14458550025779249146

7203 flotson the Skirmisher (level 10, -4/79 HPs)
             Began as a Demonspawn Delver on July 17, 2021.
             Was an Initiate of Gozag.
             Succumbed to barbed spike wounds
             ... on level 11 of the Dungeon.
             The game lasted 00:13:34 (10814 turns).

flotson the Skirmisher (Demonspawn Delver)         Turns: 10814, Time: 00:13:35

Health: -4/79      AC: 10    Str: 15    XL:     10   Next: 87%
Magic:  10/10      EV: 13    Int: 13    God:    Gozag
Gold:   841        SH:  8    Dex: 14    Spells: 9/9 levels left

rFire    . . .     SeeInvis .   a - +4 trident (freeze)
rCold    . . .     Faith    .   V - +0 buckler
rNeg     . . .     Spirit   .   p - +0 ring mail
rPois    .         Reflect  .   N - +2 hat
rElec    .         Harm     .   (no cloak)
rCorr    .         Rampage  +   (no gloves)
Will     .....                  X - +1 pair of boots {rampage}
Stlth    ++........             (no amulet)
HPRegen  0.23/turn              n - +4 ring of slaying
MPRegen  0.12/turn              (no ring)

@: spiked, gold aura
A: antennae 2, claws 2, spiny 1, condensation shield
a: Renounce Religion, Potion Petition, Call Merchant, Bribe Branch


You were on level 11 of the Dungeon.
You worshipped Gozag.
Gozag was pleased with you.
You visited 2 branches of the dungeon, and saw 12 of its levels.

You collected 972 gold pieces.
You paid 131 gold pieces to Gozag.

Inventory:

Hand Weapons
 a - a +4 trident of freezing (weapon)
 b - a +0 hand crossbow
 F - a +0 hand axe
 G - a +2 dagger of venom
 U - a +2 flail of draining
Missiles
 t - 3 throwing nets
 H - 149 bolts
 I - 15 poisoned darts
 M - 12 atropa-tipped darts (quivered)
 Q - a curare-tipped dart
Armour
 p - a +0 ring mail (worn)
 N - a +2 hat (worn)
 V - a +0 buckler (worn)
 X - a +1 pair of boots of rampaging (worn)
Jewellery
 n - a +4 ring of slaying (left claw)
 A - a ring of protection from fire
 E - a ring of fire
 K - a ring of ice
Wands
 g - a wand of digging (10)
 i - a wand of mindburst (2)
 x - a wand of charming (5)
 y - a wand of iceblast (22)
Scrolls
 c - 2 scrolls of fog
 d - 3 scrolls of magic mapping
 e - 3 scrolls of fear
 h - 5 scrolls of teleportation {unknown}
 j - 5 scrolls of identify {unknown}
 k - 2 scrolls of enchant armour {unknown}
 l - 4 scrolls of blinking {unknown}
 s - 5 scrolls of amnesia {unknown}
 u - a scroll of summoning {unknown}
 w - 2 scrolls of immolation {unknown}
 B - a scroll of silence {unknown}
 D - 6 scrolls of enchant weapon {unknown}
 J - a scroll of vulnerability {unknown}
 P - a scroll of holy word {unknown}
 T - a scroll of noise {unknown}
Potions
 f - 3 potions of haste
 m - 3 potions of brilliance {unknown}
 o - 3 potions of magic {unknown}
 q - a potion of mutation {unknown}
 r - 5 potions of curing
 v - a potion of ambrosia {unknown}
 z - 2 potions of flight {unknown}
 C - a potion of lignification {unknown}
 L - a potion of resistance {unknown}
 O - 2 potions of degeneration {unknown}
 R - a potion of attraction {unknown}
 S - a potion of heal wounds {unknown}
 Y - 2 potions of might
Miscellaneous
 W - a phantom mirror


   Skills:
 + Level 7.4 Fighting
 + Level 6.5 Axes
 + Level 4.0 Crossbows
 + Level 4.0 Throwing
 + Level 6.0 Armour
 + Level 6.3 Dodging
 - Level 4.5 Stealth
 + Level 2.5 Shields
 + Level 6.7 Evocations


You had 9 spell levels left.
You didn't know any spells.
Your spell library contained the following spells:

 Spells                   Type           Power      Damage    Failure   Level
 Animate Skeleton         Necr           0%         N/A       56%         1
 Pain                     Necr           0%         1d4       56%         1
 Poisonous Vapours        Pois/Air       0%         N/A       71%         2
 Slow                     Hex            0%         N/A       71%         2
 Static Discharge         Conj/Air       0%         N/A       71%         2
 Confusing Touch          Hex            0%         N/A       90%         3
 Gell's Gravitas          Tloc           0%         N/A       90%         3
 Mephitic Cloud           Conj/Pois/Air  0%         N/A       90%         3
 Stone Arrow              Conj/Erth      0%         3d7       90%         3
 Teleport Other           Tloc           0%         N/A       90%         3
 Vampiric Draining        Necr           0%         2d6       90%         3
 Animate Dead             Necr           0%         N/A       100%        4
 Dispel Undead            Necr           0%         3d6       100%        4
 Sticky Flame             Conj/Fire      0%         2d3       100%        4
 Bolt of Magma            Conj/Fire/Erth 0%         4d4       100%        5
 Freezing Cloud           Conj/Ice/Air   0%         6-21      100%        5
 Dispersal                Tloc           0%         N/A       100%        6
 Haunt                    Necr/Summ      0%         N/A       100%        7
 Infestation              Necr           0%         N/A       100%        8
 Shatter                  Erth           0%         3d5*      100%        9


Dungeon Overview and Level Annotations

Branches:
Dungeon (11/15)            Temple (0/1) D:4            Lair (1/6) D:9
    Orc (0/2) D:9

Altars:
Ashenzari
Dithmenos
Gozag
Qazlal
Yredelemnul
Zin


Innate Abilities, Weirdness & Mutations

You have a pair of antennae on your head.
You have very sharp fingernails.
You are partially covered in sharp spines.
A meltable shield of frost defends you. (SH +4)


Message History

A manticore comes into view.
The shadow is struck by your spines. The shadow hits you!
You hit the shadow but do no damage.
The shadow is heavily damaged.
The shadow slips into darkness.
The shadow flickers and vanishes!
Deactivating autopickup; reactivate with Ctrl-A.
Something unexpectedly blocked you, preventing you from rampaging!
You barely miss something.
The manticore flicks its tail.
The volley of spikes hits something!
The shadow strikes at you from the darkness!
* * * LOW HITPOINT WARNING * * *
Reactivating autopickup.
The shadow slips into darkness.
The shadow flickers and vanishes!
Deactivating autopickup; reactivate with Ctrl-A.
The manticore flicks its tail.
The volley of spikes hits something.
Reactivating autopickup.
You feel a bit more experienced.
The manticore flicks its tail.
The volley of spikes hits you.
The barbed spikes become lodged in your body.
* * * LOW HITPOINT WARNING * * *
The barbs in your skin will harm you if you move.
Continue?
The barbed spikes dig painfully into your body as you move.
* * * LOW HITPOINT WARNING * * *
The manticore flicks its tail.
The volley of spikes hits you!
The barbed spikes become lodged in your body.
* * * LOW HITPOINT WARNING * * *
There is a stone staircase leading up, spattered with blood here.
The manticore flicks its tail.
The volley of spikes hits you.
The barbed spikes become lodged in your body.
* * * LOW HITPOINT WARNING * * *
The barbed spikes dig painfully into your body as you move.
You die...
Your body crumbles into a pile of gold.

# #. .. #. ..
###.#########
#.....H....@#
#...}##########
# ... . . .


You could see a manticore.

Vanquished Creatures
  A hydra (D:9)
  A centaur warrior (D:9)
  2 cyclopes (D:9)
  3 centaur zombies
  A gargoyle (D:10)
  2 trolls
  A wraith (D:10)
  4 humans (D:7)
  2 wyverns
  3 yaks (D:9)
  An ice beast (D:6)
  A hornet zombie (D:7)
  2 orc warriors
  A sky beast (D:5)
  2 ogres (D:5)
  4 centaurs
  2 kobold brigands
  2 bullfrogs
  2 gnoll sergeants
  4 scorpions
  6 wights (D:9)
  2 howler monkeys (D:10)
  4 hounds
  A centaur skeleton (D:7)
  A scorpion zombie (D:5)
  Jessica (D:3)
  Ijyb (D:3)
  Terence (D:3)
  7 orc wizards
  A killer bee zombie (D:7)
  A howler monkey zombie (D:7)
  5 gnolls
  A howler monkey skeleton (D:7)
  5 adders
  An ufetubus (D:5)
  An adder skeleton (D:4)
  3 dart slugs
  21 orcs
  2 ball pythons
  7 endoplasms
  5 giant cockroaches
  5 goblins
  4 hobgoblins
  7 kobolds
  2 quokkas
  3 bats
  A frilled lizard (D:1)
  7 rats
  A spectral hobgoblin (D:3)
148 creatures vanquished.

Vanquished Creatures (others)
  A shadow (D:11)
  A fungus (D:9)
  A plant (D:9)
3 creatures vanquished.

Grand Total: 151 creatures vanquished

Notes
Turn   | Place    | Note
-------+----------+-------------------------------------------
     0 | D:5      | flotson the Demonspawn Delver began the quest for the Orb.
     0 | D:5      | Reached XP level 1. HP: 18/18 MP: 1/1
     5 | D:5      | Noticed an ogre
    41 | D:4      | Found a stormy altar of Qazlal.
    41 | D:4      | Found a basalt altar of Yredelemnul.
    86 | D:3      | Noticed Ijyb
    91 | D:3      | Killed Ijyb
    92 | D:3      | Gained mutation: You have sharp fingernails. [demonic
                  | ancestry]
    92 | D:3      | Reached XP level 2. HP: 19/24 MP: 2/2
    98 | D:3      | Reached skill level 1 in Evocations
   174 | D:3      | Found a shadowy altar of Dithmenos.
   180 | D:3      | Reached skill level 1 in Armour
   180 | D:3      | Reached XP level 3. HP: 27/29 MP: 3/3
   648 | D:1      | Gained mutation: You have very sharp fingernails. [demonic
                  | ancestry]
   648 | D:1      | Reached XP level 4. HP: 32/35 MP: 4/4
  1614 | D:3      | Noticed a bullfrog
  1619 | D:3      | Killed a bullfrog
  1620 | D:3      | Gained mutation: You have a pair of small antennae on your
                  | head. [demonic ancestry]
  1620 | D:3      | Reached XP level 5. HP: 34/42 MP: 5/5
  1743 | D:3      | Noticed Jessica
  1748 | D:3      | Killed Jessica
  1800 | D:3      | Found a faded altar of an unknown god.
  1843 | D:3      | Noticed Terence
  1857 | D:3      | Killed Terence
  2549 | D:4      | Reached skill level 4 in Fighting
  2557 | D:4      | Gained mutation: You have a pair of antennae on your head.
                  | [demonic ancestry]
  2557 | D:4      | Reached XP level 6. HP: 42/48 MP: 6/6
  2649 | D:4      | Found a staircase to the Ecumenical Temple.
  3009 | D:5      | Reached XP level 7. HP: 39/55 MP: 7/7
  3476 | D:5      | Reached skill level 5 in Fighting
  3476 | D:5      | Reached XP level 8. HP: 51/62 MP: 8/8
  5530 | D:7      | Reached skill level 1 in Crossbows
  5530 | D:7      | Reached skill level 1 in Throwing
  5530 | D:7      | Reached skill level 5 in Dodging
  5530 | D:7      | Reached skill level 5 in Evocations
  5530 | D:7      | Gained mutation: A meltable shield of frost defends you.
                  | (SH +4) [demonic ancestry]
  5530 | D:7      | Reached XP level 9. HP: 59/69 MP: 9/9
  5539 | D:7      | Reached skill level 6 in Fighting
  5539 | D:7      | Reached skill level 5 in Axes
  6006 | D:7      | Found an opulent altar of Gozag.
  6012 | D:7      | Became a worshipper of Gozag Ym Sagoz the Greedy
  7150 | D:8      | Reached skill level 5 in Armour
  7297 | D:9      | Found a transporter.
  7297 | D:9      | Found a transporter.
  7325 | D:9      | Noticed a four-headed hydra
  7358 | D:9      | Killed a four-headed hydra
  7634 | D:9      | Found a staircase to the Lair.
  7728 | D:9      | Found a staircase to the Orcish Mines.
  7743 | D:9      | Gained mutation: You are partially covered in sharp spines.
                  | [demonic ancestry]
  7743 | D:9      | Reached XP level 10. HP: 77/77 MP: 10/10
  7786 | D:9      | Noticed a cyclops
  7787 | D:9      | Noticed a centaur warrior
  7816 | D:9      | Killed a centaur warrior
  8121 | D:9      | Reached skill level 1 in Shields
  8351 | D:9      | Noticed a boulder beetle
  8375 | D:9      | Noticed a cyclops
  8386 | D:9      | Killed a cyclops
  8387 | D:9      | Reached skill level 7 in Fighting
  8552 | D:9      | Found a broken altar of Ashenzari.
  9046 | D:9      | Killed a cyclops
  9236 | D:10     | Entered Level 10 of the Dungeon
  9826 | D:10     | Noticed a gargoyle
  9839 | D:10     | Killed a gargoyle
 10739 | Lair:1   | Entered Level 1 of the Lair of Beasts
 10804 | D:11     | Noticed a manticore
 10814 | D:11     | Succumbed to barbed spike wounds

Illustrated notes

Levels and vault maps discovered:
D:1:      evilmike_arrival_rings, layout_basic
D:2:      layout_loops_ring, chequers_serial_rivers_room_b,
          kennysheep_generic_room_13
D:3:      layout_rooms, old_standard_altar,
          dreamdust_ecumenical_altar_drowned_temple, minmay_quadrilaterals,
          uniq_terence, uniq_ijyb, uniq_jessica
D:4:      layout_rooms, chequers_temple_overflow_statue_of_worship,
          minmay_temple_entry_poolview, kennysheep_cluttered_room
D:5:      layout_loops_ring
D:6:      layout_basic
D:7:      layout_basic, grunt_temple_overflow_gold_and_silver,
          corexii_corridor_pit, minmay_ruffians
D:8:      layout_cave_pools
D:9:      gammafunk_boulding_lane, layout_rooms, lemuel_tele_altar,
          dpeg_oklobed_lair, orc_0_dummy, grunt_tough_drop
D:10:     layout_gridville
D:11:     layout_basic, minmay_misc_feat_pillars
Lair:1:   layout_chaotic_city, basic_altar, grunt_megastairs_3

Skill      XL: |  1  2  3  4  5  6  7  8  9 10 |
---------------+-------------------------------+-----
Axes           | 2 3 4 5 6 |  6.5
Dodging        | 2 3 4 5 6 |  6.3
Evocations     | 1 2 3 4 5 6 |  6.7
Armour         | 1 2 3 4 5 6 |  6.0
Fighting       | 4 5 6 7 |  7.4
Crossbows      | 1 2 4 |  4.0
Throwing       | 1 3 4 |  4.0
Shields        | 2 |  2.5
Stealth        | |  4.5

Action                   |  1- 3 |  4- 6 |  7- 9 | 10-12 || total
-------------------------+-------+-------+-------+-------++-------
Melee: Hand axe          |     5 |       |       |       ||     5
       Dagger            |    29 |   114 |    75 |       ||   218
       Flail             |       |       |    98 |       ||    98
       Trident           |       |       |    13 |   107 ||   120
 Fire: Hand crossbow     |       |       |    42 |       ||    42
Throw: Dart              |       |       |     3 |     4 ||     7
Evoke: Wand              |     2 |       |     6 |     7 ||    15
  Use: Potion            |       |       |       |     1 ||     1
 Stab: Sleeping          |     6 |     4 |     1 |     2 ||    13
Armor: Scale mail        |     7 |       |       |       ||     7
       Ring mail         |     2 |    29 |   109 |    27 ||   167
Dodge: Dodged            |     8 |    52 |   149 |    57 ||   266
Block: Other             |       |       |    21 |       ||    21
       Buckler           |       |       |       |    36 ||    36

Table legend: (Time is in decaauts)
 A = Elapsed time spent in this place.
 B = Non-inter-level travel time spent in this place.
 C = Inter-level travel time spent in this place.
 D = Time resting spent in this place.
 E = Time spent auto-exploring this place.
 F = Levels seen in this place.
 G = Mean time per level.
                   A        B        C        D        E       F      G
               +--------+--------+--------+--------+--------+-----+--------+
         Total |  10885 |  10102 |    783 |    421 |   8317 |  12 |  907.1 |
       Dungeon |  10883 |  10102 |    781 |    421 |   8317 |  11 |  989.4 |
          Lair |      1 |      0 |      1 |      0 |      0 |   1 |    1.0 |
               +--------+--------+--------+--------+--------+-----+--------+

Top non-repeatable levels by time:
     D:9: 1722 daAuts
    D:10: 1540 daAuts
     D:6: 1396 daAuts
     D:7: 1289 daAuts
     D:5: 1141 daAuts
     D:8: 1025 daAuts
     D:3: 790 daAuts
     D:1: 723 daAuts
     D:2: 656 daAuts
     D:4: 577 daAuts
    D:11: 20 daAuts
  Lair:1: 1 daAuts
